 Dungeon Crawl Stone Soup version 0.20-a0-548-g4f8a798 (webtiles) character file.

1046 Alarkh the Carver (level 8, 50/58 HPs)
             Began as a Demonspawn Monk on Feb 1, 2017.
             Quit the game on level 5 of the Dungeon.
             The game lasted 00:07:02 (4783 turns).

Alarkh the Carver (Demonspawn Monk)                 Turns: 4783, Time: 00:07:03

Health: 50/58      AC:  9    Str:  7    XL:     8   Next: 5%
Magic:  8/8        EV: 15    Int: 14    God:
Gold:   225        SH:  5    Dex: 19    Spells: 7/7 levels left

rFire    . . .     SeeInvis .   a - +0 falchion
rCold    . . .     Gourm    .   o - +3 leather armour of the Cricket {+Fly Str-5 Stlth+}
rNeg     . . .     Faith    .   (no shield)
rPois    .         Spirit   .   (no helmet)
rElec    .         Reflect  +   E - +0 cloak
rCorr    .         Harm     .   f - +0 pair of gloves
MR       .....                  w - +0 pair of boots
Stlth    +++.......             g - +5 amulet of reflection
Regen    0.2/turn               (no ring)
                                p - +4 ring of dexterity

@: no status effects
A: talons 1, repulsion field 2, sense surroundings 1, spiny 1, rot immunity,
MP-powered wands
a: Evoke Flight


You were on level 5 of the Dungeon.
You were very hungry.

You visited 1 branch of the dungeon, and saw 5 of its levels.

You collected 225 gold pieces.

Inventory:

Hand Weapons
 a - a +0 falchion (weapon)
Armour
 b - a +0 robe
 f - a +0 pair of gloves (worn)
 i - a +1 scale mail of fire resistance
 o - the +3 leather armour of the Cricket (worn) {+Fly Str-5 Stlth+}
   (You found it on level 4 of the Dungeon)

   It affects your strength (-5).
   It lets you fly.
   It makes you more stealthy.
 w - a +0 pair of boots (worn)
 E - a +0 cloak (worn)
Jewellery
 g - a +5 amulet of reflection (around neck)
 p - a +4 ring of dexterity (left hand)
Scrolls
 d - a scroll of remove curse
 j - a scroll of enchant armour {unknown}
 m - a scroll of identify {unknown}
 n - a scroll of fear {unknown}
 q - a scroll of teleportation {unknown}
 v - a scroll of enchant weapon {unknown}
 y - a scroll of fog {unknown}
 z - a scroll of recharging
 B - a scroll of blinking {unknown}
Potions
 e - a potion of magic {unknown}
 t - a potion of lignification
 u - a potion of curing
 x - a potion of brilliance {unknown}
 D - a potion of ambrosia
Books
 h - a book of Clouds

   Spells                             Type                      Level
   a - Poisonous Vapours              Poison/Air                   2
   b - Mephitic Cloud                 Conjuration/Poison/Air       3
   c - Conjure Flame                  Conjuration/Fire             3
   d - Freezing Cloud                 Conjuration/Ice/Air          6
   e - Ring of Flames                 Charms/Fire                  7
Comestibles
 c - 5 bread rations
 k - 2 royal jellies
 r - a meat ration
 C - 4 fruits


   Skills:
 - Level 3.0 Fighting
 + Level 9.1 Long Blades
 - Level 2.6 Dodging
 - Level 1.7 Stealth


You had 7 spell levels left.
You didn't know any spells.

Dungeon Overview and Level Annotations

Branches:
Dungeon (5/15)             Temple (0/1) D:5

Altars:
Gozag
Qazlal


Innate Abilities, Weirdness & Mutations

You are surrounded by a moderate repulsion field. (EV +3)
You are partially covered in sharp spines.
You are immune to rotting.
You have sharp toenails.
You passively map a small area around you.
You expend magic power (3 MP) to strengthen your wands.


Message History

You barely miss the howler monkey zombie.
The howler monkey zombie is severely damaged.
The howler monkey zombie hits you but does no damage.
You hit the howler monkey zombie.
The howler monkey zombie is almost destroyed.
The howler monkey zombie hits you but does no damage.
You hit the howler monkey zombie.
You destroy the howler monkey zombie!
A frilled lizard comes into view.
The frilled lizard hisses angrily.
You closely miss the frilled lizard. The frilled lizard barely misses you.
You closely miss the frilled lizard. You block the frilled lizard's attack.
You miss the frilled lizard. The frilled lizard barely misses you.
You hit the frilled lizard.
You kill the frilled lizard!
(D) Dungeon (T) Temple
Where to? (Enter - D:4 @ (x,y), ? - help)
What level of the Dungeon? (default 1, ? - help)
A hornet zombie comes into view.
Are you sure you want to abandon this character and quit the game? (Confirm with "yes".)

##...##.# #.# ##..........
#.....†.####.# ##....###.###
** #.####.......###...### *.#
,..###............######.### ,
,................##.........#
*
,....###......................
,
Y...#............#...........
..(.....##.....8..#..........
......#.#...@...8P#..Y##..#..
...........##÷.(..###hl<.....
*##........†.#.8P..# ####..#..
...)##......##....### ..# .#
#......#.......# ...., , ,
*#.#....#.......#, ....J ,
#.#....#..[....# ....[ ,* #
#....#...Z...# ..... * *
#....#.......# .....


You could see a hornet zombie (wandering).

Vanquished Creatures
  Edmund (D:5)
  A sky beast (D:5)
  A phantom (D:4)
  2 ogres
  A bullfrog (D:4)
  2 bullfrog skeletons
  An orc wizard (D:3)
  A hound (D:5)
  An iguana (D:3)
  Natasha (thrice) (D:3)
  2 worker ants (D:4)
  2 hound zombies (D:5)
  A howler monkey zombie (D:5)
  2 worker ant zombies (D:5)
  7 adders
  2 oozes
  An adder skeleton (D:5)
  3 worms (D:2)
  6 dart slugs
  6 leopard geckos
  6 orcs (D:3)
  10 bats
  7 giant cockroaches
  8 hobgoblins
  5 jackals
  2 quokkas
  2 ball pythons
  6 frilled lizards
  6 goblins
  6 kobolds
  7 rats
  2 plants (D:4)
113 creatures vanquished.

Notes
Turn   | Place    | Note
-------+----------+-------------------------------------------
     0 | D:1      | Alarkh the Demonspawn Monk began the quest for the Orb.
     0 | D:1      | Reached XP level 1. HP: 18/18 MP: 1/1
   155 | D:1      | Reached skill level 3 in Long Blades
   325 | D:1      | Gained mutation: You are surrounded by a mild repulsion field. (EV +2) [demonic ancestry]
   325 | D:1      | Reached XP level 2. HP: 24/24 MP: 2/2
   625 | D:1      | Reached XP level 3. HP: 29/29 MP: 3/3
  1028 | D:2      | Reached skill level 4 in Long Blades
  1184 | D:2      | Reached XP level 4. HP: 20/35 MP: 4/4
  2063 | D:3      | Reached skill level 5 in Long Blades
  2063 | D:3      | Reached XP level 5. HP: 22/41 MP: 5/5
  2525 | D:3      | Noticed Natasha
  2533 | D:3      | Killed Natasha
  2661 | D:3      | Noticed Natasha
  2673 | D:3      | Killed Natasha
  2673 | D:3      | Reached skill level 6 in Long Blades
  3106 | D:3      | Noticed Natasha
  3117 | D:3      | Killed Natasha
  3117 | D:3      | Gained mutation: You are surrounded by a moderate repulsion field. (EV +3) [demonic ancestry]
  3117 | D:3      | Reached XP level 6. HP: 39/47 MP: 6/6
  3144 | D:4      | Found an opulent altar of Gozag.
  3371 | D:4      | Reached skill level 7 in Long Blades
  3470 | D:4      | Got a fine leather armour
  3481 | D:4      | Identified the +3 leather armour of the Cricket {+Fly Str-5 Stlth+} (You found it on level 4 of the Dungeon)
  3684 | D:4      | Found a stormy altar of Qazlal.
  3946 | D:5      | Entered Level 5 of the Dungeon
  4200 | D:5      | Gained mutation: You are partially covered in sharp spines. [demonic ancestry]
  4200 | D:5      | Reached XP level 7. HP: 52/52 MP: 7/7
  4332 | D:4      | Reached skill level 8 in Long Blades
  4582 | D:5      | Noticed Edmund
  4633 | D:5      | Gained mutation: You have sharp toenails. [potion of mutation]
  4633 | D:5      | Gained mutation: You passively map a small area around you. [potion of mutation]
  4633 | D:5      | Gained mutation: You expend magic power (3 MP) to strengthen your wands. [potion of mutation]
  4657 | D:5      | Killed Edmund
  4753 | D:5      | Reached skill level 9 in Long Blades
  4753 | D:5      | Gained mutation: You are immune to rotting. [demonic ancestry]
  4753 | D:5      | Reached XP level 8. HP: 48/58 MP: 8/8
  4783 | D:5      | Quit the game

Vault maps used:
D:1:      grunt_arrival_crossed_arrows
D:3:      minivault_23, uniq_natasha
D:4:      kennysheep_big_flooded_room, kennysheep_mini_moat,
          nicolae_gozag_seed_capital, first_bread, serial_bayou_lagoon_b
D:5:      chequers_temple_overflow_statue_of_worship,
          minmay_temple_entry_statues_fountains, serial_undead, serial_undead_c,
          serial_undead_c, serial_undead_d, serial_undead_a, uniq_edmund

Skill      XL: |  1  2  3  4  5  6  7 |
---------------+----------------------+-----
Long Blades    | 3 4 5 6 7 9 |  9.1
Fighting       | |  3.0
Dodging        | |  2.6
Stealth        | |  1.7

Action                   |  1- 3 |  4- 6 |  7- 9 || total
-------------------------+-------+-------+-------++-------
Melee: Falchion          |    85 |   431 |   157 ||   673
 Abil: Evoke Flight      |       |     4 |       ||     4
  Use: Potion            |       |     3 |     6 ||     9
       Scroll            |       |     2 |       ||     2
 Stab: Sleeping          |     4 |    12 |     1 ||    17
       Distracted        |       |     2 |       ||     2
       Invisible         |       |       |     4 ||     4
  Eat: Chunk             |     1 |    10 |     2 ||    13
Armor: Robe              |    18 |    36 |       ||    54
       Leather armour    |       |     3 |    32 ||    35
       Skin              |       |     3 |       ||     3
Dodge: Dodged            |    68 |   154 |    69 ||   291
Block: Other             |    10 |    54 |    32 ||    96
       Reflection        |     1 |       |       ||     1
       Rpst.: Falchion   |    21 |    52 |    27 ||   100
